 Dungeon Sprint DCSS version 0.27-a0-1256-gced786f65e (webtiles) character file.

Game seed: 12891821126711263010

108 mhtbhm the Skirmisher (level 4, -2/57 HPs)
             Began as an Ogre Berserker on June 10, 2021.
             Was a Follower of Trog.
             Killed from afar by Sigmund (4 damage)
             ... with a magic dart
             ... in the Dungeon (Sprint I: "Red Sonja").
             The game lasted 00:00:21 (260 turns).

mhtbhm the Skirmisher (Ogre Berserker)               Turns: 260, Time: 00:00:22

Health: -2/57      AC:  3    Str: 22    XL:     4   Next: 87%
Magic:  4/4        EV: 10    Int:  8    God:    Trog [*.....]
Gold:   54         SH:  0    Dex:  8    Spells: 3/3 levels left

rFire    . . .     SeeInvis .   a - +0 giant club
rCold    . . .     Faith    .   (shield currently unavailable)
rNeg     . . .     Spirit   .   b - +0 animal skin
rPois    .         Reflect  .   (helmet restricted)
rElec    .         Harm     .   (no cloak)
rCorr    .         Rampage  .   (gloves unavailable)
Will     .....     NoTele   +   (boots unavailable)
Stlth    +.........             (no amulet)
HPRegen  0.19/turn              (no ring)
MPRegen  0.09/turn              (no ring)

@: lethally poisoned (-2 -> -16), on berserk cooldown, slowed, very slow
A: large, unfitting armour, tough skin 1
a: Renounce Religion, Berserk


You were in the Dungeon.
You worshipped Trog.
Trog was aware of your devotion.
You visited 1 branch You collected 54 gold pieces.

Inventory:

Hand Weapons
 a - a +0 giant club (weapon)
Armour
 b - a +0 animal skin (worn)
Scrolls
 h - a scroll of blinking
Potions
 e - a potion of haste
 f - 2 potions of magic
 g - a potion of berserk rage


   Skills:
 + Level 7.9 Fighting
 + Level 5.6 Maces & Flails
 + Level 5.4 Dodging


You had 3 spell levels left.
You didn't know any spells.
Your spell library was empty.

Dungeon Overview and Level Annotations

Branches:
Dungeon (1/1)

Altars:

Annotations:
D Sigmund


Innate Abilities, Weirdness & Mutations

You are too large for most types of armour.
You have tough skin. (AC +1)


Message History

There is an open door here.
You bump into the rock wall.
You feel sick.
You are no longer poisoned.
Sigmund flickers, as though insubstantial.
Sigmund misses you.
Sigmund casts a spell.
Sigmund flickers and vanishes!
Deactivating autopickup; reactivate with Ctrl-A.
You feel better. Something hits you.
You are poisoned.
Okay, then.
You bludgeon something!!
You feel very sick. Something hits you!
You are more poisoned.
You hear some strange, mumbled words.
A puff of flame appears from out of thin air!
The puff of flame misses you.
You hear some strange, mumbled words.
A puff of flame appears from out of thin air!
The puff of flame hits you!
* * * LOW HITPOINT WARNING * * *
Unknown command.
You feel much better.
You feel extremely sick. Something hits you!
You are lethally poisoned!
You miss something.
* * * LOW HITPOINT WARNING * * *
You feel extremely sick. Something hits you.
* * * LOW HITPOINT WARNING * * *
Something hits you but does no damage.
Unknown command.
* * * LOW HITPOINT WARNING * * *
You feel very sick.
You hear some strange, mumbled words.
A magic dart appears from out of thin air!
The magic dart hits you.
You die...

#############
#<.#..)..#..+
#..').#.@{..#
#..#####'####
#..# #..#
#..# ####
#..# #⌠⌠#
####


There were no monsters in sight!

Vanquished Creatures
  An ogre (D)
  Ijyb (D)
2 creatures vanquished.

Notes
Turn   | Place    | Note
-------+----------+-------------------------------------------
     0 | D        | mhtbhm the Ogre Berserker began the quest for the Orb.
     0 | D        | Reached XP level 1. HP: 24/24 MP: 1/1
     2 | D        | Noticed Ijyb
     9 | D        | Killed Ijyb
    10 | D        | Reached skill level 6 in Fighting
    10 | D        | Reached XP level 2. HP: 36/36 MP: 2/2
    10 | D        | Reached XP level 3. HP: 44/44 MP: 3/3
   167 | D        | Noticed an ogre
   172 | D        | Killed an ogre
   173 | D        | Reached skill level 7 in Fighting
   173 | D        | Reached skill level 5 in Maces & Flails
   173 | D        | Reached skill level 5 in Dodging
   173 | D        | Reached XP level 4. HP: 57/57 MP: 4/4
   245 | D        | Noticed Sigmund
   260 | D        | HP: 2/57 [poisoned by Sigmund]
   260 | D        | Killed from afar by Sigmund

Illustrated notes

Levels and vault maps discovered:
D:        dungeon_sprint_1 [red_sonja_temple_1, red_sonja_temple_small_1]

Skill      XL: |  1  2  3 |
---------------+----------+-----
Fighting       | 6 7 |  7.9
Maces & Flails | 4 5 |  5.6
Dodging        | 4 5 |  5.4

Action                   |  1- 3 |  4- 6 || total
-------------------------+-------+-------++-------
Melee: Mace              |     9 |       ||     9
       Giant club        |       |     5 ||     5
Invok: Berserk           |     2 |     1 ||     3
  Use: Potion            |       |     2 ||     2
Armor: Animal skin       |       |     2 ||     2
Dodge: Dodged            |     3 |     2 ||     5

Table legend: (Time is in decaauts)
 A = Elapsed time spent in this place.
 B = Non-inter-level travel time spent in this place.
 C = Inter-level travel time spent in this place.
 D = Time resting spent in this place.
 E = Time spent auto-exploring this place.
 F = Levels seen in this place.
 G = Mean time per level.
                   A        B        C        D        E       F      G
               +--------+--------+--------+--------+--------+-----+--------+
         Total |    288 |    288 |      0 |    238 |      0 |   1 |  288.0 |
       Dungeon |    288 |    288 |      0 |    238 |      0 |   1 |  288.0 |
               +--------+--------+--------+--------+--------+-----+--------+

Top non-repeatable levels by time:
       D: 288 daAuts
